 Dungeon Sprint DCSS version 0.31-a0-703-gcfe89afef6 (webtiles) character file.

Game seed: 7103938769621991517

15676 rocky1 the Fencer (level 12, -11/97 (102) HPs)
             Began as a Djinni Gladiator on Sept 9, 2023.
             Was an Initiate of Gozag.
             Killed from afar by an orc sorcerer (25 damage)
             ... with a bolt of negative energy
             ... while paralysed by an orc sorcerer
             ... in the Dungeon (Sprint IX: "|||||||||||||||||||||||||||||").
             The game lasted 00:11:23 (4488 turns).

rocky1 the Fencer (Djinni Gladiator)                Turns: 4488, Time: 00:11:23

HP:   -11/97 (102)  AC: 13    Str: 16    XL:     12   Next: 60%
Gold: 2487          EV:  2    Int: 12    God:    Gozag SH:  0 Dex: 21

rFire   + + .        m - +2 scimitar (flame)
rCold   x . .        (no shield)
rNeg    . . .        o - +2 ring mail
rPois   ∞            c - +0 helmet
rElec   .            (no cloak)
rCorr   .            n - +0 pair of gloves
SInv    .            (boots unavailable)
Will    +....        (no amulet)
Stlth   +            p - +3 ring of intelligence
HPRegen 0.36/turn    q - +3 ring of strength
MPRegen 0.00/turn

%: no teleportation, infuse magic (-12 HP)
@: paralysed, mighty, gold aura, flying, hasted, lightly drained, invisible
A: sickness immunity, fire resistance 2, cold vulnerability 1, float, innate
caster, HP casting, extra vitality 1
a: Renounce Religion, Potion Petition, Call Merchant, Bribe Branch


You were in the Dungeon.
You worshipped Gozag.
Gozag was most pleased with you.
You visited 1 branch You collected 7075 gold pieces.
You spent 1037 gold pieces at shops.
You paid 3551 gold pieces to Gozag.

Inventory:

Hand Weapons
 a - a +0 long sword
 m - a +2 scimitar of flaming (weapon)
Missiles
 e - a javelin
Armour
 b - a +0 leather armour
 c - a +0 helmet (worn)
 n - a +0 pair of gloves (worn)
 o - a +2 ring mail (worn)
Jewellery
 p - a +3 ring of intelligence (left hand)
 q - a +3 ring of strength (right hand)
Scrolls
 r - 2 scrolls of identify
 s - a scroll of fear
 t - 4 scrolls of enchant weapon
 u - 2 scrolls of enchant armour
Potions
 g - a potion of mutation
 h - 3 potions of haste
 i - 2 potions of resistance
 k - 8 potions of curing
 v - a potion of might
 w - a potion of enlightenment
 x - 2 potions of cancellation


   Skills:
 * Level 15.1 Fighting
 * Level 17.3 Long Blades
 + Level 3.1 Throwing
 + Level 13.3 Armour
 + Level 12.3 Dodging
 - Level 1.3 Stealth
 * Level 6.9 Spellcasting
 * Level 6.9 Conjurations
 * Level 6.9 Hexes
 * Level 6.9 Summonings
 * Level 6.9 Necromancy
 * Level 6.9 Translocations
 * Level 6.9 Transmutations
 * Level 6.9 Fire Magic
 * Level 6.9 Ice Magic
 * Level 6.9 Air Magic
 * Level 6.9 Earth Magic
 * Level 6.9 Poison Magic
 - Level 2.5 Evocations


You knew the following spells:

 Your Spells              Type           Power      Damage    Failure   Level
a - Sting                 Tmut/Pois      80%        1d7       1%          1
b - Scorch                Fire           40%        2d6       2%          2
c - Frozen Ramparts       Ice            40%        1d7       4%          3
d - Tukima's Dance        Hex            20%        N/A       4%          3
e - Sticky Flame          Conj/Fire      20%        2d4       14%         4
Your spell library was empty.

Dungeon Overview and Level Annotations

Branches:
Dungeon (1/1)

Altars:
Cheibriados
Dithmenos
Elyvilon
Fedhas
Gozag
Hepliaklqana
Makhleb
Nemelex Xobeh
Okawaru
Qazlal
Ru
Trog
Uskayaw
Wu Jian
Xom
Yredelemnul
Zin
The Shining One
Jiyva
Lugonu

Shops:
D (:*[*


Innate Abilities, Weirdness & Mutations

You are immune to sickness and miasma.
You are immune to poison.
Your flesh is very heat resistant. (rF++)
You are vulnerable to cold. (rC-)
You float through the air rather than walking.
You learn spells naturally, not from books.
Your magical power is your life essence.
You have superior vitality. (+4 MHP)


Message History

The hellwing misses you. x2 [a] - 160 gold - might and brilliance [b] - 294 gold - haste and brilliance [c] - 360 gold - invisibility and might Purchase which effect?
You fade into invisibility!
You feel very mighty all of a sudden. The hellwing barely misses you.
The hellwing misses you.
Unknown command.
You feel better.
You catch the helpless hellwing completely off-guard!
You hit the hellwing but do no damage.
The hellwing is severely wounded.
You catch the helpless hellwing completely off-guard!
You hit the hellwing but do no damage.
The hellwing is severely wounded.
You barely miss the hellwing.
The hellwing is severely wounded.
The hellwing hits you!
* * * LOW HITPOINT WARNING * * *
The hellwing closely misses you.
You hit the hellwing. You burn the hellwing.
The hellwing is severely wounded.
You slice the hellwing!! You burn the hellwing.
You kill the hellwing!
The hellwing disappears in a puff of smoke!
You slash the orc sorcerer! You burn the orc sorcerer.
The orc sorcerer is heavily wounded.
You slash the orc sorcerer! You burn the orc sorcerer.
You kill the orc sorcerer!
The orc sorcerer wildly gestures.
You feel disoriented.
Your life force feels restored.
The orc sorcerer points at you and mumbles some strange words.
You suddenly lose the ability to move!
The orc sorcerer hits you with a +0 dagger.
* * * LOW HITPOINT WARNING * * *
The orc sorcerer gestures at you while chanting.
The bolt of negative energy hits you!!
You feel drained.
You die...
Your body crumbles into a pile of gold.

▓▓▓▓▓▓▓▓▓▓▓▓▓▓▓▓▓▓▓▓▓▓▓▓
.....'$$$$$∩.∩$∩@oo3o..+
▓▓▓▓▓▓▓▓▓▓▓▓▓▓▓▓▓▓▓▓▓▓▓▓▓▓▓▓▓▓▓▓▓
.................................
▓▓▓▓▓▓▓▓▓▓▓▓▓▓▓▓▓▓▓▓▓▓▓▓▓▓▓▓▓▓▓▓.
......'........):(.'..[[[[..'....
▓▓▓▓▓▓▓▓▓▓▓▓▓▓▓▓▓▓▓▓▓▓▓▓▓▓▓▓▓▓▓▓▓
.................................
▓▓▓▓▓▓▓▓▓▓▓▓▓▓▓▓▓▓▓▓▓▓▓▓▓▓▓▓▓▓▓▓.
______'!?).[)..)').....)).(...'..


You could see a soul eater (summoned), 2 orc sorcerers and an orc wizard (unable
to see you).

Vanquished Creatures
  2 dire elephants (D)
  A hydra (D)
  2 centaur warriors (D)
  A two-headed ogre (D)
  A death yak (D)
  2 orc high priests (D)
  2 orc knights (D)
  3 orc sorcerers (D)
  A cyclops (D)
  6 elephants (D)
  2 black mambas (D)
  4 cane toads (D)
  3 komodo dragons (D)
  A dream sheep (D)
  A blink frog (D)
  3 wraiths (D)
  2 yaks (D)
  A steam dragon (D)
  2 basilisks (D)
  A vampire mosquito (D)
  10 orc warriors (D)
  A centaur (D)
  A bullfrog (D)
  A scorpion (D)
  A howler monkey (D)
  2 orc priests (D)
  An iguana (D)
  11 orc wizards (D)
  An adder (D)
  A shadow imp (D)
  An ufetubus (D)
  4 orcs (D)
  2 endoplasms (D)
  A hobgoblin (D)
  A kobold (D)
  A ball python (D)
81 creatures vanquished.

Vanquished Creatures (others)
  A vampire (D)
  An orc wizard (D)
2 creatures vanquished.

Grand Total: 83 creatures vanquished

Notes
Turn   | Place    | Note
-------+----------+-------------------------------------------
     0 | D        | rocky1 the Djinni Gladiator began the quest for the Orb.
     0 | D        | Reached XP level 1. HP: 18/18 MP: 0/0
     8 | D        | Reached skill level 3 in Long Blades
    18 | D        | Reached XP level 2. HP: 14/23 MP: 0/0
   263 | D        | Noticed a scorpion
   272 | D        | Reached skill level 4 in Long Blades
   274 | D        | Reached XP level 3. HP: 26/29 MP: 0/0
   274 | D        | Learned a level 1 spell: Sting
   295 | D        | Reached skill level 1 in Armour
   301 | D        | Reached skill level 5 in Long Blades
   301 | D        | Reached skill level 5 in Dodging
   301 | D        | Reached XP level 4. HP: 4/35 MP: 0/0
   307 | D        | Killed a scorpion
   308 | D        | Reached skill level 6 in Long Blades
   308 | D        | Reached XP level 5. HP: 6/41 MP: 0/0
   308 | D        | Learned a level 2 spell: Scorch
   748 | D        | Found a snail-covered altar of Cheibriados.
   748 | D        | Found a shadowy altar of Dithmenos.
   748 | D        | Found a white marble altar of Elyvilon.
   748 | D        | Found a blossoming altar of Fedhas.
   748 | D        | Found an opulent altar of Gozag.
   749 | D        | Found a hazy altar of Hepliaklqana.
   750 | D        | Found a viscous altar of Jiyva.
   752 | D        | Found a corrupted altar of Lugonu.
   753 | D        | Found a burning altar of Makhleb.
   754 | D        | Found a sparkling altar of Nemelex Xobeh.
   755 | D        | Found an iron altar of Okawaru.
   756 | D        | Found a stormy altar of Qazlal.
   758 | D        | Became a worshipper of Gozag Ym Sagoz the Greedy
   760 | D        | Found a sacrificial altar of Ru.
   762 | D        | Found a bloodstained altar of Trog.
   763 | D        | Found a hide-covered altar of Uskayaw.
   765 | D        | Found an ornate altar of the Wu Jian Council.
   766 | D        | Found a shimmering altar of Xom.
   767 | D        | Found a basalt altar of Yredelemnul.
   768 | D        | Found a glowing silver altar of Zin.
   769 | D        | Found a glowing golden altar of the Shining One.
   914 | D        | Noticed a two-headed ogre
   914 | D        | Noticed a wraith
   914 | D        | Noticed a steam dragon
   914 | D        | Noticed a centaur
   914 | D        | Noticed a vampire
   919 | D        | Killed a two-headed ogre
   920 | D        | Reached skill level 9 in Long Blades
   920 | D        | Reached skill level 1 in Stealth
   920 | D        | Reached XP level 6. HP: 22/51 MP: 0/0
   920 | D        | Reached XP level 7. HP: 25/57 MP: 0/0
   920 | D        | Learned a level 3 spell: Frozen Ramparts
   928 | D        | Reached skill level 10 in Long Blades
   928 | D        | Reached XP level 8. HP: 21/62 MP: 0/0
   939 | D        | Killed a wraith
   944 | D        | Killed a vampire
  1023 | D        | Noticed a centaur warrior
  1023 | D        | Noticed a centaur warrior
  1023 | D        | Noticed a wraith
  1023 | D        | Noticed a cyclops
  1023 | D        | Noticed a wraith
  1027 | D        | Reached skill level 11 in Long Blades
  1027 | D        | Killed a cyclops
  1028 | D        | Reached skill level 10 in Armour
  1028 | D        | Reached skill level 1 in Evocations
  1028 | D        | Reached XP level 9. HP: 64/70 MP: 0/0
  1028 | D        | Learned a level 3 spell: Tukima's Dance
  1029 | D        | Killed a centaur warrior
  1030 | D        | Reached skill level 12 in Long Blades
  1031 | D        | Killed a centaur warrior
  1032 | D        | Reached skill level 10 in Dodging
  1032 | D        | Reached XP level 10. HP: 57/77 MP: 0/0
  1043 | D        | Reached skill level 13 in Long Blades
  1375 | D        | Noticed a black mamba
  1375 | D        | Noticed a death yak
  1375 | D        | Noticed a komodo dragon
  1376 | D        | Noticed a cane toad
  1384 | D        | Noticed a komodo dragon
  1387 | D        | Killed a death yak
  1388 | D        | Reached skill level 1 in Spellcasting
  1388 | D        | Reached skill level 1 in Conjurations
  1388 | D        | Reached skill level 1 in Hexes
  1388 | D        | Reached skill level 1 in Summonings
  1388 | D        | Reached skill level 1 in Necromancy
  1388 | D        | Reached skill level 1 in Translocations
  1388 | D        | Reached skill level 1 in Transmutations
  1388 | D        | Reached skill level 1 in Fire Magic
  1388 | D        | Reached skill level 1 in Ice Magic
  1388 | D        | Reached skill level 1 in Air Magic
  1388 | D        | Reached skill level 1 in Earth Magic
  1388 | D        | Reached skill level 1 in Poison Magic
  1392 | D        | Killed a black mamba
  1393 | D        | Killed a komodo dragon
  1608 | D        | Reached skill level 10 in Fighting
  1608 | D        | Reached skill level 14 in Long Blades
  1614 | D        | Killed a cane toad
  1617 | D        | Killed a komodo dragon
  1816 | D        | Bought 2 potions of curing for 102 gold pieces
  1816 | D        | Bought a potion of resistance for 170 gold pieces
  1816 | D        | Bought 2 potions of might for 136 gold pieces
  1816 | D        | Bought a potion of haste for 170 gold pieces
  1816 | D        | Bought a potion of curing for 51 gold pieces
  1816 | D        | Bought a potion of enlightenment for 85 gold pieces
  1816 | D        | Bought a potion of curing for 51 gold pieces
  1816 | D        | Bought 2 potions of cancellation for 272 gold pieces
  1817 | D        | Noticed a black mamba
  1817 | D        | Noticed a cane toad
  1817 | D        | Noticed a cane toad
  1817 | D        | Noticed a six-headed hydra
  1825 | D        | Reached XP level 11. HP: 72/86 MP: 0/0
  1825 | D        | Learned a level 4 spell: Sticky Flame
  1829 | D        | Killed a three-headed hydra
  1831 | D        | Reached skill level 15 in Long Blades
  2141 | D        | Noticed a dire elephant
  2141 | D        | Noticed an elephant
  2141 | D        | Noticed an elephant
  2141 | D        | Noticed an elephant
  2141 | D        | Noticed an elephant
  2141 | D        | Noticed an elephant
  2145 | D        | Noticed an elephant
  2154 | D        | Killed a dire elephant
  2385 | D        | Killed an elephant
  2397 | D        | Killed an elephant
  2407 | D        | Killed an elephant
  2408 | D        | Reached skill level 16 in Long Blades
  2408 | D        | Reached skill level 5 in Spellcasting
  2408 | D        | Reached skill level 5 in Conjurations
  2408 | D        | Reached skill level 5 in Hexes
  2408 | D        | Reached skill level 5 in Summonings
  2408 | D        | Reached skill level 5 in Necromancy
  2408 | D        | Reached skill level 5 in Translocations
  2408 | D        | Reached skill level 5 in Transmutations
  2408 | D        | Reached skill level 5 in Fire Magic
  2408 | D        | Reached skill level 5 in Ice Magic
  2408 | D        | Reached skill level 5 in Air Magic
  2408 | D        | Reached skill level 5 in Earth Magic
  2408 | D        | Reached skill level 5 in Poison Magic
  2417 | D        | Killed an elephant
  2529 | D        | Noticed a dire elephant
  2540 | D        | HP: 1/92 [dire elephant (31)]
  2817 | D        | Killed an elephant
  2862 | D        | Killed an elephant
  3217 | D        | Killed a dire elephant
  3218 | D        | Reached XP level 12. HP: 58/99 MP: 0/0
  3790 | D        | Noticed an orc high priest
  3808 | D        | Killed an orc high priest
  3820 | D        | Noticed an orc high priest
  3822 | D        | Noticed a sun demon
  3844 | D        | Noticed a sixfirhy
  3859 | D        | HP: 2/101 [sixfirhy[an orc high priest] (11)]
  4227 | D        | Reached skill level 17 in Long Blades
  4262 | D        | Killed an orc high priest
  4421 | D        | Found Pour's Book Emporium.
  4431 | D        | Found Coddo's Assorted Antiques.
  4442 | D        | Found Herghyll's Armour Emporium.
  4454 | D        | Found Teyqo's General Store.
  4461 | D        | Paralysed by an orc sorcerer for 2 turns
  4470 | D        | Reached skill level 15 in Fighting
  4477 | D        | Noticed a soul eater
  4486 | D        | Paralysed by an orc sorcerer for 5 turns
  4488 | D        | Killed from afar by an orc sorcerer

Illustrated notes

Levels and vault maps discovered:
D:        linesprint [early_d, line_temple, items_1, d_10, items_2, lair_1,
          lair_end, items_3, orc_1, orc_end, items_4, d_15, swamp_1, shoals_1,
          snake_1, spider_1, d_20, vaults_1, items_5, swamp_end, shoals_end,
          snake_end, spider_end, vaults_end, d_27, items_6, zot_1, zot_end,
          crypt_end, forest_end, elf_end, slime_end, tomb_end, abyss_end,
          pan_hell_end]

Skill      XL: |  1  2  3  4  5  6  7  8  9 10 11 12 |
---------------+-------------------------------------+-----
Long Blades    | 3 4 5 6 9 10 11 12 14 16 17 | 17.3
Dodging        | 4 5 7 9 10 11 12 | 12.3
Throwing       | 2 3 |  3.1
Armour         | 2 3 8 10 11 12 13 | 13.3
Fighting       | 3 6 7 8 10 13 15 | 15.1
Stealth        | 1 |  1.3
Evocations     | 1 2 |  2.5
Spellcasting   | 3 5 6 |  6.9
Conjurations   | 3 5 6 |  6.9
Hexes          | 3 5 6 |  6.9
Summonings     | 3 5 6 |  6.9
Necromancy     | 3 5 6 |  6.9
Translocations | 3 5 6 |  6.9
Transmutations | 3 5 6 |  6.9
Fire Magic     | 3 5 6 |  6.9
Ice Magic      | 3 5 6 |  6.9
Air Magic      | 3 5 6 |  6.9
Earth Magic    | 3 5 6 |  6.9
Poison Magic   | 3 5 6 |  6.9

Action                     |  1- 3 |  4- 6 |  7- 9 | 10-12 || total
---------------------------+-------+-------+-------+-------++-------
  Melee: Long sword        |    50 |     6 |       |       ||    56
         Punch             |       |     1 |       |     1 ||     2
         Scimitar          |       |     4 |    24 |   302 ||   330
  Throw: Throwing net      |       |       |       |     5 ||     5
         Javelin           |       |       |       |     1 ||     1
   Cast: Frozen Ramparts   |       |       |       |     4 ||     4
         Tukima's Dance    |       |       |       |     1 ||     1
 Invoke: Call Merchant     |       |       |       |     2 ||     2
         Potion Petition   |       |       |       |     7 ||     7
  Evoke: Wand              |       |       |     4 |     6 ||    10
    Use: Potion            |     1 |     2 |     2 |     5 ||    10
         Scroll            |       |       |       |     2 ||     2
   Stab: Invisible         |       |       |       |     9 ||     9
         Held in net/web   |       |       |       |     2 ||     2
 Armour: Leather armour    |    40 |     4 |       |       ||    44
         Ring mail         |       |     3 |    35 |   124 ||   162
  Dodge: Dodged            |    60 |     5 |    19 |   150 ||   234

Table legend: (Time is in decaauts)
 A = Elapsed time spent in this place.
 B = Non-inter-level travel time spent in this place.
 C = Inter-level travel time spent in this place.
 D = Time resting spent in this place.
 E = Time spent auto-exploring this place.
 F = Levels seen in this place.
 G = Mean time per level.
                   A        B        C        D        E       F      G
               +--------+--------+--------+--------+--------+-----+--------+
         Total |   4374 |   4374 |      0 |   3076 |      0 |   1 | 4374.0 |
       Dungeon |   4374 |   4374 |      0 |   3076 |      0 |   1 | 4374.0 |
               +--------+--------+--------+--------+--------+-----+--------+

Top non-repeatable levels by time:
       D: 4374 daAuts
